 Dungeon Sprint DCSS version 0.26-a0-1177-g1209ec82b9 (webtiles) character file.

Game seed: 1329336661794367341

3597 reriks the Fighter (level 9, -10/105 HPs)
             Began as a Troll Berserker on Dec 24, 2020.
             Was a High Priest of Trog.
             Killed from afar by an ice dragon (33 damage)
             ... with a blast of cold
             ... in the Dungeon (Sprint II: "The Violet Keep of Menkaure").
             The game lasted 00:07:29 (1370 turns).

reriks the Fighter (Troll Berserker)                Turns: 1370, Time: 00:07:30

Health: -10/105    AC:  7    Str: 30    XL:     9   Next: 85%
Magic:  8/8        EV: 15    Int:  3    God:    Trog [*****.]
Gold:   913        SH:  0    Dex:  9    Spells: 8/8 levels left

rFire    . . .     SeeInvis .   a - +1 hand axe
rCold    . . .     Faith    .   (no shield)
rNeg     . . .     Spirit   .   b - +1 animal skin
rPois    .         Reflect  .   (helmet restricted)
rElec    .         Harm     .   (no cloak)
rCorr    .         Rampage  .   (gloves unavailable)
Will     .....     NoTele   +   (boots unavailable)
Stlth    +.........             (no amulet)
HPRegen  0.67/turn              (no ring)
MPRegen  0.11/turn              (no ring)

@: mighty, berserk cooldown, slowed, very slow
A: large, unfitting armour, claws 3, regeneration 1, shaggy fur 1, tough skin 3
a: Renounce Religion, Berserk, Trog's Hand, Brothers in Arms


You were in the Dungeon.
You worshipped Trog.
Trog was extremely pleased with you.
You visited 1 branch You collected 1200 gold pieces.
You spent 287 gold pieces at shops.

Inventory:

Hand Weapons
 a - a +1 hand axe (weapon)
Armour
 b - a +1 animal skin (worn)
Jewellery
 r - an uncursed ring of fire
Scrolls
 h - a scroll of blinking
 l - a scroll of remove curse
 n - 3 scrolls of enchant armour
 t - a scroll of magic mapping
Potions
 c - 3 potions of curing
 e - a potion of haste
 f - 5 potions of magic
 g - a potion of berserk rage
 j - a potion of might
 k - 4 potions of resistance
 o - a potion of attraction
 q - 2 potions of flight
 s - a potion of mutation
 u - a potion of ambrosia
 v - a potion of brilliance
 w - 2 potions of degeneration


   Skills:
 + Level 11.4 Fighting
 + Level 11.4 Axes
 + Level 11.4 Dodging


You had 8 spell levels left.
You didn't know any spells.
Your spell library was empty.

Dungeon Overview and Level Annotations

Branches:
Dungeon (1/1)

Altars:
Cheibriados
Dithmenos
Elyvilon
Fedhas
Gozag
Hepliaklqana
Kikubaaqudgha
Makhleb
Nemelex Xobeh
Okawaru
Qazlal
Ru
Sif Muna
Trog
Uskayaw
Vehumet
Wu Jian
Xom
Yredelemnul
Zin
The Shining One
Beogh
Jiyva
Lugonu

Shops:
D =::([!=[*[!?[}[

Annotations:
D exclusions: ice statue and oklob plant


Innate Abilities, Weirdness & Mutations

You are too large for most types of armour.
You have claws for hands.
Your natural rate of healing is unusually fast.
You are covered in fur. (AC +1)
You have extremely tough skin. (AC +3)


Message History

You closely miss the skeletal warrior.
The skeletal warrior is lightly damaged.
The skeletal warrior hits you with a +0 war axe!
You feel very mighty all of a sudden.
An elephant comes into view.
An ice dragon comes into view.
The skeletal warrior hits you with a +0 war axe!
You feel better.
The elephant trumpets!
The skeletal warrior barely misses you.
You closely miss the skeletal warrior.
The skeletal warrior is lightly damaged.
You hit the elephant but do no damage.
You hit the ice dragon but do no damage.
The elephant tramples you but does no damage.
The elephant barely misses you.
The skeletal warrior hits you with a +0 war axe!!
* * * LOW HITPOINT WARNING * * *
The ice dragon breathes frost at you. The blast of cold hits you!!
You die...

############≈@#+++#+++##***,,,,*,
###########≈≈≈.........#,,+,,,^*,
##........#≈≈≈≈.##c##..#,,***#.*,
##....⌠...#≈≈≈≈##.#.##.####,,+.##
##...∩.∩..#≈≈≈≈#†###.#,...#,,*...
##..∩.∩.∩.#≈≈####.#.####..##**#..
##.∩.∩.∩.∩#≈##.###'###.##..#,,+.^
##..∩...∩.#≈#..Y##.##..##..#,,#..
##.∩.....∩'≈'.##@zc.'##.'..####..
##∩.......#≈#..D##.##..##....###.
#▓▓▓▓▓▓▓###≈##.###'###.##......≈≈
##).h######≈≈#####..####≈≈.....≈#
#(.h#HH+,##≈≈≈#.##..#≈≈≈≈≈≈≈§.≈#
#∩P$+H.#+*#'#≈##.#.##≈§≈§≈≈≈≈.≈#
#!$.#!##≈*#.#≈≈##+##≈≈≈§≈≈≈≈§≈≈#
#).=###.§≈####≈≈≈≈≈≈≈≈≈≈§§§≈§≈≈#
##+###≈§≈≈,*,#+++#+++#≈≈≈§§≈≈≈≈#


You could see an ice dragon (catching breath), a yaktaur captain, an elephant
and a skeletal warrior.

Vanquished Creatures
  Kirke (D)
  A polar bear (D)
  2 wyverns (D)
  A vampire mosquito (D)
  Menkaure (D)
  4 water moccasins (D)
  4 necrophages (D)
  4 worker ants (D)
  3 worms (D)
21 creatures vanquished.

Vanquished Creatures (collateral kills)
  A yaktaur (D)
  A hornet (D)
  2 polar bears (D)
4 creatures vanquished.

Vanquished Creatures (others)
  A centaur warrior (D)
  A water moccasin (D)
  8 tentacles (D)
10 creatures vanquished.

Grand Total: 35 creatures vanquished

Notes
Turn   | Place    | Note
-------+----------+-------------------------------------------
     0 | D        | reriks the Troll Berserker began the quest for the Orb.
     0 | D        | Reached XP level 1. HP: 22/22 MP: 0/0
     1 | D        | Noticed a wyvern
     1 | D        | Noticed a wyvern
     4 | D        | Noticed a worker ant
     4 | D        | Noticed a worker ant
     4 | D        | Noticed a worker ant
     4 | D        | Noticed a worker ant
    16 | D        | Killed a worker ant
    17 | D        | Reached XP level 2. HP: 31/31 MP: 1/1
    23 | D        | Reached XP level 3. HP: 23/39 MP: 2/2
    31 | D        | Reached ** piety under Trog
    32 | D        | Reached XP level 4. HP: 36/49 MP: 3/3
    97 | D        | Noticed a necrophage
    97 | D        | Noticed a necrophage
    97 | D        | Noticed a necrophage
    97 | D        | Noticed a necrophage
   105 | D        | Killed a necrophage
   106 | D        | Reached skill level 5 in Fighting
   106 | D        | Reached skill level 5 in Axes
   106 | D        | Reached skill level 5 in Dodging
   106 | D        | Reached XP level 5. HP: 59/59 MP: 4/4
   110 | D        | Killed a necrophage
   113 | D        | Killed a necrophage
   113 | D        | Reached *** piety under Trog
   114 | D        | Reached XP level 6. HP: 68/68 MP: 5/5
   201 | D        | Reached **** piety under Trog
   208 | D        | Found Peggywn's Antique Armour Emporium.
   210 | D        | Found Casearium's Antique Armour Shoppe.
   211 | D        | Found Xesiunaf's Distillery.
   212 | D        | Found Qeijittol's Assorted Antiques.
   213 | D        | Noticed a vampire mosquito
   238 | D        | Killed a vampire mosquito
   239 | D        | Reached XP level 7. HP: 26/79 MP: 6/6
   436 | D        | Killed a wyvern
   440 | D        | Killed a wyvern
   488 | D        | Found Heagguh's Gadget Shoppe.
   488 | D        | Found Saext's Antique Armour Shoppe.
   488 | D        | Found Uveaz's Magic Scroll Emporium.
   488 | D        | Found Nuusu's Antique Armour Shoppe.
   488 | D        | Found Luzxih's Jewellery Emporium.
   489 | D        | Found Vawnafu's Distillery.
   489 | D        | Found Dirix's Antique Armour Emporium.
   490 | D        | Noticed a slime creature
   491 | D        | Found Ryigul's Antique Weapon Shoppe.
   491 | D        | Found Docus's Book Emporium.
   491 | D        | Noticed a slime creature
   491 | D        | Noticed a slime creature
   491 | D        | Noticed an oklob plant
   492 | D        | Found Ujin's Jewellery Shoppe.
   492 | D        | Found Kizxo's Book Shoppe.
   566 | D        | Noticed a hell hog
   569 | D        | Bought a scroll of identify for 28 gold pieces
   569 | D        | Bought a scroll of identify for 28 gold pieces
   575 | D        | Noticed a manticore
   577 | D        | Bought a potion of curing for 33 gold pieces
   577 | D        | Bought a potion of might for 44 gold pieces
   577 | D        | Bought a potion of might for 44 gold pieces
   577 | D        | Bought a potion of resistance for 110 gold pieces
   577 | D        | Noticed a manticore
   577 | D        | Noticed a hell hog
   578 | D        | Noticed a manticore
   604 | D        | Found an iron altar of Okawaru.
   604 | D        | Found a radiant altar of Vehumet.
   604 | D        | Found a glowing silver altar of Zin.
   605 | D        | Found a sparkling altar of Nemelex Xobeh.
   605 | D        | Found a hide-covered altar of Uskayaw.
   606 | D        | Found an opulent altar of Gozag.
   606 | D        | Found a burning altar of Makhleb.
   606 | D        | Found a bloodstained altar of Trog.
   606 | D        | Found a basalt altar of Yredelemnul.
   607 | D        | Found a blossoming altar of Fedhas.
   607 | D        | Found a corrupted altar of Lugonu.
   607 | D        | Found a shimmering blue altar of Sif Muna.
   608 | D        | Found a white marble altar of Elyvilon.
   608 | D        | Found an ancient bone altar of Kikubaaqudgha.
   608 | D        | Found a shimmering altar of Xom.
   608 | D        | Found a sacrificial altar of Ru.
   609 | D        | Found a shadowy altar of Dithmenos.
   609 | D        | Found a viscous altar of Jiyva.
   610 | D        | Found a snail-covered altar of Cheibriados.
   613 | D        | Found a roughly hewn altar of Beogh.
   613 | D        | Noticed a yaktaur
   613 | D        | Noticed a hornet
   613 | D        | Noticed a polar bear
   614 | D        | Found a hazy altar of Hepliaklqana.
   615 | D        | Found a glowing golden altar of the Shining One.
   615 | D        | Found an ornate altar of the Wu Jian Council.
   615 | D        | Found a stormy altar of Qazlal.
   615 | D        | Noticed Menkaure
   620 | D        | Killed a polar bear
   621 | D        | Reached XP level 8. HP: 86/92 MP: 7/7
   623 | D        | Killed a hornet
   624 | D        | Killed a yaktaur
   628 | D        | Noticed a polar bear
   628 | D        | Noticed a polar bear
   630 | D        | Killed a polar bear
   651 | D        | Killed a polar bear
   651 | D        | Reached ***** piety under Trog
   776 | D        | Reached skill level 10 in Fighting
   776 | D        | Reached skill level 10 in Axes
   776 | D        | Reached skill level 10 in Dodging
   845 | D        | Killed Menkaure
   846 | D        | Reached XP level 9. HP: 101/101 MP: 8/8
   904 | D        | Noticed a kraken
  1247 | D        | Noticed an ice statue
  1313 | D        | Noticed a centaur warrior
  1313 | D        | Noticed Kirke
  1313 | D        | Noticed a skeletal warrior
  1314 | D        | Noticed a yaktaur captain
  1339 | D        | Killed a centaur warrior
  1349 | D        | Killed Kirke
  1368 | D        | Noticed an elephant
  1368 | D        | Noticed an ice dragon
  1370 | D        | Killed from afar by an ice dragon

Illustrated notes

Levels and vault maps discovered:
D:        the_violet_keep_of_menkaure [sprint2_stairs_cluster_1,
          sprint2_shoproom, sprint2_temple, sprint2_basic_supplies,
          sprint2_obstacle_5, sprint2_obstacle_2, sprint2_obstacle_1,
          sprint2_obstacle_6, sprint2_obstacle_4, sprint2_timed_cluster_1,
          sprint2_smallroom_cluster_1, sprint2_smallroom_final_cluster_1,
          sprint2_transparent_cluster_1, sprint2_second_timed_cluster_1,
          sprint2_sniper_area_1, sprint2_heavy_combat_area_1,
          sprint2_mutation_trap_area_1, sprint2_forest_area_1,
          sprint2_light_combat_area_1, sprint2_behind_water_1,
          sprint2_near_end_vault_1]

Skill      XL: |  1  2  3  4  5  6  7  8  9 |
---------------+----------------------------+-----
Fighting       | 3 4 5 6 7 9 10 11 | 11.4
Axes           | 3 4 5 6 7 9 10 11 | 11.4
Dodging        | 3 4 5 7 9 10 11 | 11.4

Action                   |  1- 3 |  4- 6 |  7- 9 || total
-------------------------+-------+-------+-------++-------
Melee: Hand axe          |    24 |    56 |    93 ||   173
Invok: Berserk           |     1 |     2 |     7 ||    10
       Trog's Hand       |       |     1 |     3 ||     4
       Brothers in Arms  |       |       |     1 ||     1
  Use: Potion            |     1 |       |     5 ||     6
       Scroll            |       |       |    13 ||    13
 Stab: Sleeping          |       |     1 |       ||     1
Armor: Animal skin       |    10 |     8 |    20 ||    38
Dodge: Dodged            |    14 |    32 |    61 ||   107

Table legend: (Time is in decaauts)
 A = Elapsed time spent in this place.
 B = Non-inter-level travel time spent in this place.
 C = Inter-level travel time spent in this place.
 D = Time resting spent in this place.
 E = Time spent auto-exploring this place.
 F = Levels seen in this place.
 G = Mean time per level.
                   A        B        C        D        E       F      G
               +--------+--------+--------+--------+--------+-----+--------+
         Total |   1473 |   1473 |      0 |    790 |     13 |   1 | 1473.0 |
       Dungeon |   1473 |   1473 |      0 |    790 |     13 |   1 | 1473.0 |
               +--------+--------+--------+--------+--------+-----+--------+

Top non-repeatable levels by time:
       D: 1473 daAuts
